 Dungeon Crawl Stone Soup version 0.31-a0-771-g505c3d19dc (webtiles) character file.

Game seed: 3249784630300924665

128 randomguy2701 the Shield-Bearer (level 5, 0/47 HPs)
             Began as a Gnoll Fighter on Sept 16, 2023.
             Slain by a sleepcap (2 damage)
             ... on level 4 of the Dungeon.
             The game lasted 00:01:29 (2221 turns).

randomguy2701 the Shield-Bearer (Gnoll Fighter)     Turns: 2221, Time: 00:01:30

Health: 0/47       AC:  7    Str: 16    XL:     5   Next: 12%
Magic:  7/7        EV:  9    Int:  7    God:
Gold:   187        SH:  5    Dex: 13    Spells: 6/6 levels left

rFire   . . .        a - +0 war axe
rCold   . . .        c - +0 buckler
rNeg    . . .        b - +0 scale mail
rPois   .            (no helmet)
rElec   .            (no cloak)
rCorr   .            (no gloves)
SInv    .            (no boots)
Will    .....        (no amulet) Stlth
                     (no ring)
HPRegen 0.27/turn    (no ring)
MPRegen 0.10/turn

%: no passive effects
@: mighty
A: fangs 1, strong nose, distributed training
a: no special abilities


You were on level 4 of the Dungeon.
You visited 1 branch of the dungeon, and saw 4 of its levels.

You collected 187 gold pieces.

Inventory:

Hand Weapons
 a - a +0 war axe (weapon)
Armour
 b - a +0 scale mail (worn)
 c - a +0 buckler (worn)
Jewellery
 k - a ring of protection from cold
 n - a +6 ring of strength
Scrolls
 e - a scroll of revelation {unknown}
 f - a scroll of silence {unknown}
 g - 3 scrolls of identify {unknown}
 i - 2 scrolls of teleportation {unknown}
 j - 2 scrolls of fear {unknown}
 l - 2 scrolls of amnesia {unknown}
 o - a scroll of blinking {unknown}
 s - a scroll of noise {unknown}
Potions
 h - 2 potions of heal wounds {unknown}
 m - a potion of attraction {unknown}
 p - 2 potions of haste {unknown}
 q - a potion of lignification {unknown}
 r - 2 potions of curing {unknown}


   Skills:
 + Level 6.6 Fighting
 + Level 1.4 Short Blades
 + Level 1.4 Long Blades
 + Level 4.7 Axes
 + Level 1.4 Maces & Flails
 + Level 1.4 Polearms
 + Level 1.4 Staves
 + Level 1.4 Ranged Weapons
 + Level 1.4 Throwing
 + Level 6.6 Armour
 + Level 1.4 Dodging
 + Level 1.4 Stealth
 + Level 6.6 Shields
 + Level 1.4 Unarmed Combat
 + Level 1.4 Spellcasting
 + Level 1.1 Conjurations
 + Level 1.1 Hexes
 + Level 1.1 Summonings
 + Level 1.1 Necromancy
 + Level 1.1 Translocations
 + Level 1.1 Transmutations
 + Level 1.1 Fire Magic
 + Level 1.1 Ice Magic
 + Level 1.1 Air Magic
 + Level 1.1 Earth Magic
 + Level 1.1 Poison Magic
 + Level 1.5 Invocations
 + Level 1.4 Evocations
 + Level 1.2 Shapeshifting


You had 6 spell levels left.
You didn't know any spells.
Your spell library contained the following spells:

 Spells                   Type           Power      Damage    Failure   Level
 Lesser Beckoning         Tloc           4%         N/A       83%         2
 Gell's Gravitas          Tloc           2%         N/A       97%         3
 Teleport Other           Tloc           2%         N/A       97%         3


Dungeon Overview and Level Annotations

Branches:
Dungeon (4/15)
 Temple: D:4-7

Altars:
Wu Jian

Annotations:
D:4 Edmund


Innate Abilities, Weirdness & Mutations

You have very sharp teeth.
Your uncanny sense of smell can sniff out nearby items.
Your experience applies equally to all skills.


Message History

You are too injured to fight recklessly!
You are too injured to fight recklessly!
You are too injured to fight recklessly!
You are too injured to fight recklessly!
You are too injured to fight recklessly!
You are too injured to fight recklessly!
You are too injured to fight recklessly!
You are too injured to fight recklessly!
You are too injured to fight recklessly!
You are too injured to fight recklessly!
You are too injured to fight recklessly!
You are too injured to fight recklessly!
You are too injured to fight recklessly!
You are too injured to fight recklessly!
You are too injured to fight recklessly!
You are too injured to fight recklessly!
You are too injured to fight recklessly!
You slash Edmund!
Edmund is severely wounded.
You slash the giant cockroach!
You kill the giant cockroach!
Edmund hits you with a +6 dire flail of holy wrath!
* * * LOW HITPOINT WARNING * * *
You closely miss Edmund. You bite Edmund, but do no damage.
Edmund is severely wounded.
You hit the sleepcap. Edmund hits you but does no damage.
The sleepcap releases spores at you but does no damage.
Edmund barely misses you. You block the sleepcap's attack.
Unknown command.
You barely miss Edmund.
Edmund is severely wounded.
You hit the sleepcap.
Edmund hits you with a +6 dire flail of holy wrath.
* * * LOW HITPOINT WARNING * * *
The sleepcap barely misses you.
You hit Edmund. You bite Edmund, but do no damage.
Edmund is severely wounded.
You hit the sleepcap. You block Edmund's attack.
The sleepcap releases spores at you.
You die...

# #. #.. ###..#####
#........# #
#........##....
#.....f@@.....#
#..............
##................
##.....$..........[
#...?..............
#.............[....
#.f................
#.[.............<..
#..........#


You could see Edmund and a sleepcap.

Vanquished Creatures
  4 adders
  4 gnolls (D:3)
  2 dart slugs (D:3)
  2 orcs
  A ball python (D:1)
  4 bats
  2 endoplasms
  3 giant cockroaches
  8 goblins
  7 hobgoblins
  4 kobolds
  3 frilled lizards
  5 rats
49 creatures vanquished.

Notes
Turn   | Place    | Note
-------+----------+-------------------------------------------
     0 | D:1      | randomguy2701 the Gnoll Fighter began the quest for the
                  | Orb.
     0 | D:1      | Reached XP level 1. HP: 23/23 MP: 1/1
   190 | D:1      | Reached XP level 2. HP: 29/29 MP: 2/2
   968 | D:2      | Reached XP level 3. HP: 22/35 MP: 2/4
  1084 | D:2      | Reached skill level 1 in Invocations
  1461 | D:2      | Reached skill level 1 in Short Blades
  1461 | D:2      | Reached skill level 1 in Long Blades
  1461 | D:2      | Reached skill level 1 in Maces & Flails
  1461 | D:2      | Reached skill level 1 in Polearms
  1461 | D:2      | Reached skill level 1 in Staves
  1461 | D:2      | Reached skill level 1 in Ranged Weapons
  1461 | D:2      | Reached skill level 1 in Throwing
  1461 | D:2      | Reached skill level 1 in Dodging
  1461 | D:2      | Reached skill level 1 in Stealth
  1461 | D:2      | Reached skill level 1 in Unarmed Combat
  1461 | D:2      | Reached skill level 1 in Spellcasting
  1461 | D:2      | Reached skill level 1 in Evocations
  1652 | D:3      | Found an ornate altar of the Wu Jian Council.
  1707 | D:3      | Reached XP level 4. HP: 41/41 MP: 5/5
  1720 | D:3      | Reached skill level 1 in Shapeshifting
  2003 | D:3      | Reached skill level 1 in Conjurations
  2003 | D:3      | Reached skill level 1 in Hexes
  2003 | D:3      | Reached skill level 1 in Summonings
  2003 | D:3      | Reached skill level 1 in Necromancy
  2003 | D:3      | Reached skill level 1 in Translocations
  2003 | D:3      | Reached skill level 1 in Transmutations
  2003 | D:3      | Reached skill level 1 in Fire Magic
  2003 | D:3      | Reached skill level 1 in Ice Magic
  2003 | D:3      | Reached skill level 1 in Air Magic
  2003 | D:3      | Reached skill level 1 in Earth Magic
  2003 | D:3      | Reached skill level 1 in Poison Magic
  2012 | D:3      | Found a faded altar of an unknown god.
  2045 | D:3      | Reached XP level 5. HP: 28/47 MP: 6/6
  2211 | D:4      | Noticed Edmund
  2220 | D:4      | HP: 1/47 [Edmund/+6 dire flail of holy wrath (4)]
  2221 | D:4      | Slain by a sleepcap

Illustrated notes

Levels and vault maps discovered:
D:1:      dpeg_arrival_circle_labyrinth_c, layout_basic
D:2:      layout_basic
D:3:      layout_rooms, amcnicky_altar_gilded,
          shapermc_ecumenical_altar_acropolis
D:4:      layout_rooms, mainiacjoe_overflow_cross_hatched, uniq_edmund

Skill      XL: |  1  2  3  4 |
---------------+-------------+-----
Invocations    | 1 |  1.5
Short Blades   | 1 |  1.4
Long Blades    | 1 |  1.4
Maces & Flails | 1 |  1.4
Polearms       | 1 |  1.4
Staves         | 1 |  1.4
Ranged Weapons | 1 |  1.4
Throwing       | 1 |  1.4
Dodging        | 1 |  1.4
Stealth        | 1 |  1.4
Unarmed Combat | 1 |  1.4
Spellcasting   | 1 |  1.4
Evocations     | 1 |  1.4
Shapeshifting  | 1 |  1.2
Conjurations   | 1 |  1.1
Hexes          | 1 |  1.1
Summonings     | 1 |  1.1
Necromancy     | 1 |  1.1
Translocations | 1 |  1.1
Transmutations | 1 |  1.1
Fire Magic     | 1 |  1.1
Ice Magic      | 1 |  1.1
Air Magic      | 1 |  1.1
Earth Magic    | 1 |  1.1
Poison Magic   | 1 |  1.1
Fighting       | |  6.6
Axes           | |  4.7
Armour         | |  6.6
Shields        | |  6.6

Action                     |  1- 3 |  4- 6 || total
---------------------------+-------+-------++-------
  Melee: War axe           |    88 |    52 ||   140
         Bite              |    10 |     5 ||    15
    Use: Potion            |       |     1 ||     1
 Armour: Scale mail        |    56 |    37 ||    93
  Dodge: Dodged            |    37 |    19 ||    56
  Block: Buckler           |    17 |    13 ||    30

Table legend: (Time is in decaauts)
 A = Elapsed time spent in this place.
 B = Non-inter-level travel time spent in this place.
 C = Inter-level travel time spent in this place.
 D = Time resting spent in this place.
 E = Time spent auto-exploring this place.
 F = Levels seen in this place.
 G = Mean time per level.
                   A        B        C        D        E       F      G
               +--------+--------+--------+--------+--------+-----+--------+
         Total |   2262 |   2150 |    112 |      0 |   1805 |   4 |  565.5 |
       Dungeon |   2262 |   2150 |    112 |      0 |   1805 |   4 |  565.5 |
               +--------+--------+--------+--------+--------+-----+--------+

Top non-repeatable levels by time:
     D:1: 906 daAuts
     D:2: 712 daAuts
     D:3: 632 daAuts
     D:4: 12 daAuts
